 Dungeon Crawl Stone Soup version 0.30-a0-629-gd54f4be4f7 (webtiles) character file.

Game seed: 13665751977156545208

156 Chaicat the Shield-Bearer (level 5, -1/47 HPs)
             Began as a Minotaur Fighter on Jan 12, 2023.
             Succumbed to an orc wizard's poison
             ... on level 3 of the Dungeon.
             The game lasted 00:03:38 (2108 turns).

Chaicat the Shield-Bearer (Minotaur Fighter)        Turns: 2108, Time: 00:03:39

Health: -1/47      AC:  9    Str: 22    XL:     5   Next: 14%
Magic:  1/4        EV:  9    Int:  5    God:
Gold:   115        SH:  0    Dex: 10    Spells: 4/4 levels left

rFire   . . .      SeeInvis .    a - +0 war axe
rCold   . . .      Faith    .    c - +0 buckler
rNeg    . . .      Spirit   +    b - +0 scale mail
rPois   .          Reflect  .    (helmet restricted)
rElec   .          Harm     .    (no cloak)
rCorr   .          Rampage  .    i - +1 pair of gloves
Will    .....                    (no boots) Stlth
                                 f - amulet of guardian spirit
HPRegen 0.27/turn                (no ring)
MPRegen 0.09/turn                (no ring)

@: confused, lethally poisoned (-1 -> -9)
A: horns 2, retaliatory headbutt
a: no special abilities


You were on level 3 of the Dungeon.
You visited 1 branch of the dungeon, and saw 3 of its levels.

You collected 115 gold pieces.

Inventory:

Hand Weapons
 a - a +0 war axe (weapon)
Armour
 b - a +0 scale mail (worn)
 c - a +0 buckler (worn)
 i - a +1 pair of gloves (worn)
Jewellery
 f - an amulet of guardian spirit (around neck)
Wands
 h - a wand of light (15)
Potions
 d - a potion of might
 e - 2 potions of brilliance
 g - a potion of haste {unknown}
 k - 2 potions of curing {unknown}


   Skills:
 + Level 4.6 Fighting
 + Level 3.8 Axes
 + Level 4.7 Armour
 + Level 4.7 Shields


You had 4 spell levels left.
You didn't know any spells.
Your spell library contained the following spells:

 Spells                   Type           Power      Damage    Failure   Level
 Gell's Gravitas          Tloc           0%         N/A       99%         3
 Lesser Beckoning         Tloc           0%         N/A       99%         3
 Teleport Other           Tloc           0%         N/A       99%         3


Dungeon Overview and Level Annotations

Branches:
Dungeon (3/15)

Altars:


Innate Abilities, Weirdness & Mutations

You have a pair of horns on your head.
You reflexively headbutt those who attack you in melee.


Message History

You block the orc's attack.
An endoplasm comes into view.
Something hits you.
* * * LOW HITPOINT WARNING * * *
You are poisoned.
The endoplasm quivers.
You hit the orc priest.
You kill the orc priest!
You miss something. You barely miss the bat. You barely miss the orc.
You hit the orc priest.
You feel very sick. The bat hits you but does no damage. Something hits you.
* * * LOW HITPOINT WARNING * * *
You block the orc priest's attack. The orc hits you but does no damage.
The orc priest closely misses you. You furiously retaliate!
You headbutt the orc priest!
You kill the orc priest!
Something hits you but does no damage.
You are lethally poisoned!
The orc barely misses you. You block the kobold's attack.
You have reached level 5!
You slash the kobold!
You kill the kobold!
You hit something but do no damage. You barely miss the orc.
You hit the bat but do no damage.
* * * LOW HITPOINT WARNING * * *
You feel very sick. You block the bat's attack.
Something hits you but does no damage. The orc hits you but does no damage.
You hit the bat but do no damage. You closely miss the orc.
You closely miss something.
* * * LOW HITPOINT WARNING * * *
You feel very sick. The bat hits you but does no damage.
You hear some strange, mumbled words.
You are confused.
The orc barely misses you. The bat completely misses you.
You're too confused to attack without stumbling around!
You're too confused to attack without stumbling around!
You die...

###### #....#
#######....#
.......<...#
.########...[#
.............#
.......o@....#
......)†....##
....J..b....#
(...........#
............#
......[.....#
...........##
..........##
#####....##


You could see an orc, an endoplasm and a bat.

Vanquished Creatures
  2 orc priests (D:3)
  4 adders (D:2)
  2 dart slugs
  3 ball pythons
  11 endoplasms
  A giant cockroach (D:1)
  7 hobgoblins
  4 jackals (D:1)
  3 kobolds
  2 quokkas
  6 bats
  A frilled lizard (D:2)
  3 goblins
  5 rats
54 creatures vanquished.

Vanquished Creatures (others)
  5 plants (D:1)
5 creatures vanquished.

Grand Total: 59 creatures vanquished

Notes
Turn   | Place    | Note
-------+----------+-------------------------------------------
     0 | D:1      | Chaicat the Minotaur Fighter began the quest for the Orb.
     0 | D:1      | Reached XP level 1. HP: 19/19 MP: 0/0
   268 | D:1      | Reached XP level 2. HP: 27/27 MP: 1/1
   330 | D:1      | Found a faded altar of an unknown god.
   937 | D:1      | Reached XP level 3. HP: 33/33 MP: 2/2
  1574 | D:2      | Reached XP level 4. HP: 37/40 MP: 3/3
  1690 | D:2      | Identified the +8 short sword of Discomfort {venom, rN+}
  2106 | D:3      | Reached XP level 5. HP: 8/47 MP: 0/4
  2107 | D:3      | HP: 1/47 [poisoned by an orc wizard]
  2108 | D:3      | Succumbed to an orc wizard's poison

Illustrated notes

Levels and vault maps discovered:
D:1:      heliophobic_arrival_enchanted_forest, layout_basic,
          ebering_ecumenical_altar_mist, nrook_mini_backslash,
          serial_bayou_lake_a
D:2:      kennysheep_six_static_rooms, layout_loops_ring,
          chequers_hall_statues_y
D:3:      layout_rooms, nemelex_spade_bored_becter, nicolae_gozag_seed_capital

Skill      XL: |  1  2  3 |
---------------+----------+-----
Armour         | 4 |  4.7
Shields        | 4 |  4.7
Fighting       | 4 |  4.6
Axes           | 3 |  3.8

Action                   |  1- 3 |  4- 6 || total
-------------------------+-------+-------++-------
Melee: War axe           |    78 |    19 ||    97
       Headbutt          |     9 |     3 ||    12
  Use: Scroll            |     6 |       ||     6
Armor: Scale mail        |    34 |    22 ||    56
Dodge: Dodged            |    43 |    10 ||    53
Block: Buckler           |    14 |     6 ||    20

Table legend: (Time is in decaauts)
 A = Elapsed time spent in this place.
 B = Non-inter-level travel time spent in this place.
 C = Inter-level travel time spent in this place.
 D = Time resting spent in this place.
 E = Time spent auto-exploring this place.
 F = Levels seen in this place.
 G = Mean time per level.
                   A        B        C        D        E       F      G
               +--------+--------+--------+--------+--------+-----+--------+
         Total |   2167 |   2100 |     67 |    213 |   1545 |   3 |  722.3 |
       Dungeon |   2167 |   2100 |     67 |    213 |   1545 |   3 |  722.3 |
               +--------+--------+--------+--------+--------+-----+--------+

Top non-repeatable levels by time:
     D:1: 1123 daAuts
     D:2: 1028 daAuts
     D:3: 15 daAuts
